 Dungeon Crawl Stone Soup version 0.30-a0-377-g5cb311bc9f (webtiles) character file.

Game seed: 17473595874451687604

7343 Bnni the Spear-Bearer (level 11, -1/90 HPs)
             Began as a Formicid Fighter on Nov 29, 2022.
             Was an Initiate of Yredelemnul.
             Slain by a hornet (12 damage)
             ... on level 9 of the Dungeon.
             The game lasted 00:15:37 (8284 turns).

Bnni the Spear-Bearer (Formicid Fighter)            Turns: 8284, Time: 00:15:37

Health: -1/90      AC: 17    Str: 25    XL:     11   Next: 35%
Magic:  18/18      EV:  8    Int:  8    God:    Yredelemnul [......]
Gold:   456        SH:  5    Dex: 10    Spells: 10/10 levels left

rFire   + . .      SeeInvis +    D - +4 halberd
rCold   . . .      Faith    .    c - +0 buckler
rNeg    + . .      Spirit   .    M - +1 chain mail {rN+}
rPois   .          Reflect  .    (helmet unavailable)
rElec   +          Harm     .    I - +0 cloak
rCorr   +          Rampage  .    y - +0 pair of gloves
Will    +....                    w - +0 pair of boots
Stlth   ..........               (no amulet)
HPRegen 0.35/turn                l - +4 ring of protection
MPRegen 0.16/turn                s - ring "Hiaprael" {rElec rF+ rCorr Dex-3}

@: mighty
A: permanent stasis, dig shafts and tunnels, antennae 3, four strong arms
a: Dig, Shaft Self, Renounce Religion, Recall Undead Harvest


You were on level 9 of the Dungeon.
You worshipped Yredelemnul.
Yredelemnul was aware of your devotion.
You visited 1 branch of the dungeon, and saw 9 of its levels.

You collected 456 gold pieces.

Inventory:

Hand Weapons
 a - a +1 trident of venom
 A - a +2 war axe of electrocution
 C - a +2 scimitar of flaming
 D - a +4 halberd (weapon)
 J - a +0 trident of protection
Missiles
 x - a throwing net
 K - 16 poisoned darts
 O - 4 javelins
 P - a curare-tipped dart
Armour
 c - a +0 buckler (worn)
 w - a +0 pair of boots (worn)
 y - a +0 pair of gloves (worn)
 I - a +0 cloak (worn)
 M - a +1 chain mail of positive energy (worn)
Jewellery
 l - a +4 ring of protection (left hand)
 r - a ring of ice
 s - the ring "Hiaprael" (right hand) {rElec rF+ rCorr Dex-3}
   (You found it on level 2 of the Dungeon)

   [ring of protection from fire]

   Dex:       It affects your dexterity (-3).
   rF:        It protects you from fire.
   rElec:     It insulates you from electricity.
   rCorr:     It protects you from acid and corrosion.
Wands
 b - a wand of flame (12)
 z - a wand of mindburst (6)
 B - a wand of iceblast (10)
Scrolls
 e - a scroll of noise {unknown}
 f - a scroll of magic mapping {unknown}
 g - a scroll of silence {unknown}
 h - 2 scrolls of brand weapon {unknown}
 k - a scroll of amnesia {unknown}
 o - 2 scrolls of torment {unknown}
 t - 2 scrolls of butterflies {unknown}
 v - a scroll of poison {unknown}
 E - a scroll of blinking {unknown}
 F - a scroll of fear {unknown}
 G - a scroll of summoning {unknown}
 H - 4 scrolls of enchant armour {unknown}
Potions
 d - a potion of might
 i - 2 potions of brilliance
 j - 3 potions of heal wounds {unknown}
 m - a potion of resistance
 n - a potion of mutation
 q - a potion of curing
 u - a potion of flight
 L - a potion of ambrosia
 N - 2 potions of cancellation {unknown}


   Skills:
 + Level 9.9 Fighting
 * Level 12.1 Polearms
 - Level 3.2 Armour
 - Level 5.0 Shields
 + Level 9.5 Invocations


You had 10 spell levels left.
You didn't know any spells.
Your spell library contained the following spells:

 Spells                   Type           Power      Damage    Failure   Level
 Gell's Gravitas          Tloc           0%         N/A       100%        3
 Lesser Beckoning         Tloc           0%         N/A       100%        3
 Teleport Other           Tloc           0%         N/A       100%        3


Dungeon Overview and Level Annotations

Branches:
Dungeon (9/15)             Temple (0/1) D:4            Lair (0/5) D:9
    Orc: D:9-12

Altars:
Ashenzari
Elyvilon
Fedhas
Kikubaaqudgha
Okawaru
Ru
Vehumet
Wu Jian
Yredelemnul
The Shining One

Shops:
D:5 *   D:8 (


Innate Abilities, Weirdness & Mutations

You cannot be hasted, slowed, berserked, paralysed or teleported.
You can dig through walls and to a lower floor.
You have a pair of large antennae on your head. (SInv)
Your four strong arms can wield two-handed weapons with a shield.


Message History

You kill the hornet!
The bullfrog hits your steam dragon zombie.
The hornet stings you but does no damage.
Your wyvern zombie bites the steam dragon.
Your steam dragon zombie bites the bullfrog.
Your steam dragon zombie claws the bullfrog.
The troll closely misses your troll zombie.
The troll claws your troll zombie.
Your troll zombie is destroyed!
The steam dragon breathes steam at you. The ball of steam hits you. You resist.
* * * LOW HITPOINT WARNING * * *
The troll shouts!
You can no longer trade souls for undead servants.
You swap places.
The hornet stings your steam dragon zombie!
Your steam dragon zombie is destroyed!
The howler monkey hoots and howls with incredible vigour!
Your wyvern zombie bites the steam dragon.
The steam dragon bites your wyvern zombie.
The steam dragon closely misses your wyvern zombie.
The troll bites your wyvern zombie. The troll claws your wyvern zombie. x2
The howler monkey attacks as you move away!
The howler monkey hits you but does no damage.
The hornet is engulfed in a cloud of scalding steam.
Something bites your wyvern zombie.
Something claws your wyvern zombie but does no damage.
Unknown command.
You slash the hornet!
The hornet is severely wounded.
Something hits your wyvern zombie.
Your wyvern zombie is engulfed in a cloud of scalding steam.
The hornet is engulfed in a cloud of scalding steam.
The hornet stings you but does no damage.
The howler monkey hits your wyvern zombie!
Your wyvern zombie is engulfed in a cloud of scalding steam.
Your wyvern zombie bites the hornet but does no damage.
The hornet stings you!
You die...
Your body rises from the dead as a mindless zombie.

P... .# ~.$$ ...# .... ....
... ########..# ###.###
..........# ♣♣h....♣♣
##.......# #♣♣♣♣hT.....♣♣♣
#.#.#.#..# #..@yZD.~......
...≈...§§# #♣♣♣♣.F.....♣♣
#.#.#.#§### ♣♣.....♣♣
.≈...≈....##.#######...#####
#.#.#.#.#...................
...≈...≈.########..Z....#...
#.#.#§#.## ###Z######.#.#
.≈..§§§..# ###...# #.#
#.#.#.#.## #...### ##


You could see a troll, a hornet (ally target), a bullfrog (distracted), 2 howler
monkeys and a friendly wyvern zombie.

Vanquished Creatures
  Pikel (D:8)
  A cyclops (D:9)
  Maggie (D:8)
  A troll (D:9)
  3 hornets
  3 wyverns
  A shadow (D:8)
  Eustachio (D:5)
  3 vampire mosquitoes (D:9)
  A steam dragon (D:9)
  An acid dragon (D:8)
  Duvessa (D:6)
  3 water moccasins
  A sky beast (D:8)
  2 ice beasts
  2 orc warriors
  3 black bears
  An ogre (D:5)
  A lemure (D:8)
  A centaur (D:8)
  A phantom (D:4)
  2 kobold brigands (D:8)
  4 bullfrogs
  2 scorpions (D:5)
  2 gnoll sergeants
  11 wights
  Dowan (D:6)
  4 howler monkeys
  3 orc priests
  Crazy Yiuf (D:6)
  3 gnoll boudas
  4 hounds (D:5)
  A jelly (D:8)
  5 iguanas
  8 orc wizards
  Robin (D:2)
  10 adders
  17 gnolls
  A shadow imp (D:7)
  2 white imps
  6 ufetubi
  2 dart slugs
  20 orcs
  7 bats
  6 endoplasms
  3 giant cockroaches
  10 hobgoblins
  7 jackals
  8 kobolds
  2 quokkas
  5 ball pythons
  5 frilled lizards
  16 goblins
  A rat (D:3)
  2 bushes (D:6)
215 creatures vanquished.

Vanquished Creatures (collateral kills)
  A water moccasin (D:8)
  A bullfrog (D:7)
  A killer bee (D:9)
  An orc wizard (D:5)
  A gnoll (D:8)
  An adder (D:3)
  4 orcs
  An endoplasm (D:4)
  A kobold (D:8)
12 creatures vanquished.

Vanquished Creatures (others)
  A hornet zombie (D:9)
  A vampire mosquito zombie (D:9)
  A wyvern zombie (D:8)
  A cyclops zombie (D:9)
  A water moccasin zombie (D:8)
  A troll zombie (D:9)
  A centaur zombie (D:8)
  A killer bee zombie (D:9)
  An ogre zombie (D:5)
  A sky beast zombie (D:8)
  4 howler monkey zombies
  A steam dragon zombie (D:9)
  A spectral white imp (D:8)
  A bat (D:1)
  9 gnoll zombies
  2 kobold zombies (D:8)
  4 orc zombies
  2 spectral ufetubi
  3 bushes (D:6)
  14 plants (D:9)
51 creatures vanquished.

Grand Total: 278 creatures vanquished

Notes
Turn   | Place    | Note
-------+----------+-------------------------------------------
     0 | D:1      | Bnni the Formicid Fighter began the quest for the Orb.
     0 | D:1      | Reached XP level 1. HP: 18/18 MP: 1/1
    40 | D:1      | Reached XP level 2. HP: 22/24 MP: 2/2
   293 | D:1      | Reached XP level 3. HP: 22/29 MP: 3/3
   824 | D:2      | Noticed Robin
   946 | D:2      | Killed Robin
   947 | D:2      | Reached skill level 3 in Polearms
   947 | D:2      | Reached XP level 4. HP: 32/37 MP: 4/4
   983 | D:2      | Identified the ring "Hiaprael" {rElec rF+ rCorr Dex-3}
  1067 | D:2      | Reached skill level 5 in Shields
  1579 | D:2      | Reached XP level 5. HP: 29/42 MP: 5/5
  1698 | D:3      | Reached skill level 4 in Polearms
  1835 | D:3      | Found a faded altar of an unknown god.
  1990 | D:3      | Found a basalt altar of Yredelemnul.
  2010 | D:3      | Found a broken altar of Ashenzari.
  2012 | D:3      | Found a glowing golden altar of the Shining One.
  2016 | D:3      | Became a worshipper of Yredelemnul the Dark
  2038 | D:3      | Reached XP level 6. HP: 45/49 MP: 6/6
  2363 | D:4      | Reached skill level 1 in Invocations
  2371 | D:4      | Reached * piety under Yredelemnul
  2393 | D:4      | Found a staircase to the Ecumenical Temple.
  2468 | D:4      | Noticed a black bear
  2475 | D:4      | Killed a black bear
  2476 | D:4      | Reached skill level 5 in Polearms
  2512 | D:4      | Reached skill level 5 in Fighting
  2512 | D:4      | Reached XP level 7. HP: 48/56 MP: 8/8
  2819 | D:5      | Entered Level 5 of the Dungeon
  2841 | D:5      | Found a blossoming altar of Fedhas.
  2843 | D:5      | Reached ** piety under Yredelemnul
  2850 | D:5      | Reached skill level 6 in Polearms
  2995 | D:5      | Noticed a water moccasin
  2997 | D:5      | Reached *** piety under Yredelemnul
  3000 | D:5      | Killed a water moccasin
  3001 | D:5      | Reached XP level 8. HP: 64/64 MP: 10/10
  3010 | D:5      | Identified the +6 whip of Byfrax Alies {vorpal, Will+
                  | Stlth+}
  3167 | D:5      | Noticed Eustachio
  3173 | D:5      | Reached skill level 7 in Polearms
  3183 | D:5      | Reached **** piety under Yredelemnul
  3192 | D:5      | Killed Eustachio
  3203 | D:5      | Found Tylluqam's General Store.
  3501 | D:5      | Reached ***** piety under Yredelemnul
  3643 | D:5      | Found an ancient bone altar of Kikubaaqudgha.
  3654 | D:5      | Reached skill level 5 in Invocations
  3654 | D:5      | Found an iron altar of Okawaru.
  3656 | D:5      | Found a white marble altar of Elyvilon.
  3667 | D:5      | Found a radiant altar of Vehumet.
  3670 | D:5      | Found a sacrificial altar of Ru.
  3696 | D:5      | Reached XP level 9. HP: 63/71 MP: 2/12
  4123 | D:6      | Reached skill level 8 in Polearms
  4137 | D:6      | Noticed Dowan
  4137 | D:6      | Noticed Duvessa
  4154 | D:6      | Killed Duvessa
  4156 | D:6      | Killed Dowan
  4603 | D:6      | Found an ornate altar of the Wu Jian Council.
  4747 | D:6      | Found a runed translucent door.
  4748 | D:6      | Noticed Crazy Yiuf
  4759 | D:6      | Killed Crazy Yiuf
  4954 | D:7      | Reached skill level 9 in Polearms
  5121 | D:7      | Identified the +1 leather armour "Imaum" {Rampage}
  5286 | D:7      | Noticed a hornet
  5290 | D:7      | Killed a hornet
  6423 | D:8      | Noticed Maggie
  6438 | D:8      | Killed Maggie
  6439 | D:8      | Reached XP level 10. HP: 53/80 MP: 15/15
  6788 | D:8      | Reached skill level 10 in Polearms
  7538 | D:8      | Found Meskuf's Weapon Emporium.
  7663 | D:8      | Reached skill level 11 in Polearms
  7688 | D:8      | Noticed Pikel
  7698 | D:8      | Killed Pikel
  7706 | D:8      | Your ally Pikel died
  7709 | D:8      | Reached XP level 11. HP: 72/89 MP: 17/17
  7852 | D:9      | Found a staircase to the Lair.
  8261 | D:9      | Noticed a cyclops
  8269 | D:9      | Killed a cyclops
  8273 | D:9      | Reached skill level 12 in Polearms
  8284 | D:9      | Slain by a hornet

Illustrated notes

Levels and vault maps discovered:
D:1:      lightli_arrival_flooded_house, layout_basic, minmay_cupped
D:2:      layout_loops_cross, uniq_robin
D:3:      layout_basic, grunt_temple_overflow_open,
          ebering_ecumenical_altar_rust
D:4:      layout_basic, minmay_temple_entry_antechambers
D:5:      minmay_evil_eye, layout_basic, nicolae_overflow_hallway_of_the_gods,
          serial_shops, nicolae_shop_behind_doors, chequers_arboretum,
          uniq_eustachio
D:6:      layout_rooms, kennysheep_little_box, minmay_hedge_maze,
          corexii_item_surrounded_by_moat, uniq_duvessa, uniq_crazy_yiuf_cottage
D:7:      layout_layer_cave
D:8:      minmay_s_stair_smasher, layout_basic, serial_shops,
          kennysheep_mini_moat, uniq_maggie, uniq_pikel
D:9:      nzn_winding_woodlands_small [nzn_winding_woodlands_5x15_jagged,
          nzn_winding_woodlands_center_garden,
          nzn_winding_woodlands_5x15_garden], layout_loops_ring,
          mainiacjoe_overflow_catwalk, lair_entry_dummy, orc_david_3,
          kennysheep_crisscross, uniq_maurice

Skill      XL: |  1  2  3  4  5  6  7  8  9 10 11 |
---------------+----------------------------------+-----
Polearms       | 3 4 5 6 7 9 11 12 | 12.1
Shields        | 5 |  5.0
Fighting       | 4 5 6 8 9 |  9.9
Invocations    | 2 3 5 7 8 9 |  9.5
Armour         | |  3.2

Action                   |  1- 3 |  4- 6 |  7- 9 | 10-12 || total
-------------------------+-------+-------+-------+-------++-------
Melee: Trident           |   117 |   171 |       |       ||   288
       War axe           |       |    33 |   124 |       ||   157
       Halberd           |       |       |    71 |   235 ||   306
Throw: Dart              |       |       |     2 |       ||     2
       Throwing net      |       |       |       |     1 ||     1
Invok: Recall Undead Har |       |       |     3 |       ||     3
       Bind Soul         |       |       |     1 |       ||     1
 Abil: Dig               |     1 |       |       |       ||     1
  Use: Scroll            |       |       |     5 |     1 ||     6
       Potion            |       |       |     2 |     2 ||     4
 Stab: Distracted        |       |       |       |     1 ||     1
Armor: Scale mail        |    33 |       |       |       ||    33
       Chain mail        |    70 |   129 |   119 |   119 ||   437
Dodge: Dodged            |    59 |    56 |    80 |    80 ||   275
Block: Buckler           |    43 |    47 |    55 |    56 ||   201

Table legend: (Time is in decaauts)
 A = Elapsed time spent in this place.
 B = Non-inter-level travel time spent in this place.
 C = Inter-level travel time spent in this place.
 D = Time resting spent in this place.
 E = Time spent auto-exploring this place.
 F = Levels seen in this place.
 G = Mean time per level.
                   A        B        C        D        E       F      G
               +--------+--------+--------+--------+--------+-----+--------+
         Total |   8390 |   8099 |    291 |   1016 |   5373 |   9 |  932.2 |
       Dungeon |   8390 |   8099 |    291 |   1016 |   5373 |   9 |  932.2 |
               +--------+--------+--------+--------+--------+-----+--------+

Top non-repeatable levels by time:
     D:7: 1461 daAuts
     D:8: 1430 daAuts
     D:5: 1286 daAuts
     D:1: 955 daAuts
     D:6: 882 daAuts
     D:2: 741 daAuts
     D:4: 623 daAuts
     D:3: 564 daAuts
     D:9: 445 daAuts
